 Dungeon Crawl Stone Soup version 0.23.2-1-ga50397a (webtiles) character file.

Game seed: 14638166957225079065

66 waynchi the Ruffian (level 3, 0/28 HPs)
             Began as a Draconian Transmuter on May 11, 2019.
             Slain by an adder (3 damage)
             ... on level 2 of the Dungeon.
             The game lasted 00:15:09 (1381 turns).

waynchi the Ruffian (Draconian Transmuter)          Turns: 1381, Time: 00:15:10

Health: 0/28       AC:  2    Str: 12    XL:     3   Next: 96%
Magic:  1/6        EV: 19    Int: 14    God:
Gold:   105        SH:  0    Dex: 16    Spells: 3/7 levels left

rFire    . . .     SeeInvis .     - Unarmed
rCold    . . .     Gourm    .   (shield currently unavailable)
rNeg     . . .     Faith    .   (armour unavailable)
rPois    x         Spirit   .   (helmet currently unavailable)
rElec    .         Reflect  .   (cloak currently unavailable)
rCorr    .         Harm     .   (gloves currently unavailable)
MR       .....                  (boots currently unavailable)
Stlth    ++........             (no amulet)
HPRegen  0.09/turn              (no ring)
MPRegen  0.10/turn              (no ring)

@: lethally poisoned (0 -> -3), spider-form (expiring)
A: tiny, unfitting armour, AC +5
a: End Transformation


You were on level 2 of the Dungeon.
You were not hungry.
You were a venomous arachnid creature.
You visited 1 branch of the dungeon, and saw 2 of its levels.

You collected 105 gold pieces.

Inventory:

Hand Weapons
 d - a +0 short sword
 e - a +0 hunting sling
 g - a +1 hand axe
 i - a +0 club
 j - a +0 dagger
 k - a +0 whip
 m - a +0 dagger
 o - a +0 hand axe
 p - a +0 club
 q - a +0 dagger
 s - a +0 short sword
 v - a +0 club
Missiles
 a - 12 arrows
 f - 60 stones (quivered)
 h - 32 sling bullets
Armour
 b - a +0 chain mail
 l - a +1 pair of boots (melded)
 r - a +1 helmet
Scrolls
 n - a scroll of enchant armour
 u - a scroll of identify {unknown}
Potions
 t - a potion of flight
Comestibles
 c - 4 rations


   Skills:
 + Level 1.4 Fighting
 + Level 1.4 Slings
 + Level 1.9 Dodging
 + Level 0.1 Stealth
 + Level 3.5 Unarmed Combat
 + Level 2.6 Spellcasting
 + Level 2.1 Transmutations
 + Level 0.2 Poison Magic


You had 3 spell levels left.
You knew the following spells:

 Your Spells              Type           Power        Failure   Level  Hunger
a - Beastly Appendage     Tmut           #.....       24%         1    #......
b - Spider Form           Tmut/Pois      #.........   61%         3    ###....

Your spell library contained the following spells:

 Spells                   Type           Power        Failure   Level  Hunger
 Sticks to Snakes         Tmut           #.......     32%         2    ###....
 Ice Form                 Ice/Tmut       #.......     93%         4    #####..
 Blade Hands              Tmut           #.........   99%         5    ######.


Dungeon Overview and Level Annotations

Branches:
Dungeon (2/15)

Altars:


Innate Abilities, Weirdness & Mutations

((Your plain brown scales are hard. (AC +5)))
You cannot fit into any form of body armour.
((You are cold-blooded and may be slowed by cold attacks.))


Message History

* * * LOW HITPOINT WARNING * * *
You feel sick.
You kill the worker ant!
Your transformation is almost over.
* * * LOW HITPOINT WARNING * * *
You feel sick.
You eat one of the 5 rations.
That ration really hit the spot!
You closely miss the goblin.
* * * LOW HITPOINT WARNING * * *
You feel sick. The goblin misses you.
Your magical contamination has completely faded away.
You hit the goblin.
The goblin is poisoned.
The goblin is heavily wounded.
* * * LOW HITPOINT WARNING * * *
You feel sick. The goblin closely misses you.
You kill the goblin!
* * * LOW HITPOINT WARNING * * *
You feel sick. The adder barely misses you. The adder bites you.
You die...

. . #.....## <# .#. ###.#.#
... #.#.# # #g# #.#.#
#.########## ...
#.#.###.#......... #.#
#.#.#.....######## #.#
##.#.#.....########
#.#########....#.............
#.........rSs............####
####.######....#.....###.#
#...........#.#.##### #.#
#.#.#########.#. #.# #.#.# .#
#.# ..#.# .# #.# ...... .#
#.# #####.# ## #.# #.# #.#


You could see an adder and a rat.

Vanquished Creatures
  A worker ant (D:2)
  An adder (D:2)
  An ooze (D:1)
  A dart slug (D:1)
  A giant cockroach (D:1)
  7 goblins
  3 hobgoblins
  A kobold (D:1)
  3 bats
  3 frilled lizards
  5 rats (D:1)
27 creatures vanquished.

Notes
Turn   | Place    | Note
-------+----------+-------------------------------------------
     0 | D:1      | waynchi the Draconian Transmuter began the quest for the
                  | Orb.
     0 | D:1      | Reached XP level 1. HP: 16/16 MP: 3/3
   372 | D:1      | Reached XP level 2. HP: 23/23 MP: 5/5
  1153 | D:2      | Reached XP level 3. HP: 28/28 MP: 6/6
  1249 | D:2      | Reached skill level 1 in Slings
  1260 | D:2      | Learned a level 3 spell: Spider Form
  1381 | D:2      | Slain by an adder

Skill      XL: |  1  2  3 |
---------------+----------+-----
Slings         | 1 |  1.4
Fighting       | |  1.4
Dodging        | |  1.9
Stealth        | |  0.1
Unarmed Combat | |  3.5
Spellcasting   | |  2.6
Transmutations | |  2.1
Poison Magic   | |  0.2

Action                   || total
-------------------------++-------
Melee: Unarmed           ||    46
       Tailslap          ||     3
       Hand axe          ||     5
 Fire: Hunting sling     ||    39
 Cast: Beastly Appendage ||     5
       Spider Form       ||     3
  Use: Scroll            ||     4
       Potion            ||     1
  Eat: Ration            ||     1
       Chunk             ||     1
Armor: Skin              ||    27
Dodge: Dodged            ||    60
